Map: Moonlight Madness LE (Void)

Players

iQuitBYE - Winner!

  • Race: Protoss Protoss
  • League: Grandmaster

MoonLjth - Winner!

  • Race: Protoss Protoss
  • League: Platinum

ColdOn

  • Race: Terran Terran
  • League: Grandmaster

Zergathul

  • Race: Terran Terran
  • League: Grandmaster

VOD

Have the link to the VOD?

Description

Time

  • Played on: Oct. 2, 2015, 4:53 p.m.
  • Length: 15:50
Show
View Real Time Build Order
Export as new Build Order

iQuitBYE Protoss - Winner!

Build Orders: 1 Gate Expand, Blink Stalkers 

Get SALT Encoding   

  12  0:01  Probe (Chrono Boost)  
  13  0:15  Pylon  
  13  0:17  Probe (Chrono Boost)  
  14  0:28  Probe (Chrono Boost)  
  15  0:35  Gateway  
  15  0:38  Probe (Chrono Boost)  
  16  0:43  Assimilator  
  16  0:49  Probe (Chrono Boost)  
  17  1:00  Probe (Chrono Boost)  
  18  1:12  Probe (Chrono Boost)  
  19  1:23  Probe (Chrono Boost)  
  20  1:27  Nexus  
  20  1:37  Cybernetics Core  
  20  1:40  Probe (Chrono Boost)  
  21  1:48  Pylon  
  21  1:51  Probe (Chrono Boost)  
  22  1:56  Assimilator  
  22  2:06  Probe (Chrono Boost)  
  23  2:15  Warp Gate  
  23  2:17  Stalker  
  23  2:19  Mothership Core (Chrono Boost)  
  28  2:38  Probe (Chrono Boost)  
  28  2:39  Probe (Chrono Boost)  
  28  2:41  Twilight Council  
  29  2:49  Stalker, Probe x2 (Chrono Boost)  
  33  2:58  Pylon  
  33  2:59  Probe (Chrono Boost)  
  33  3:00  Probe (Chrono Boost)  
  35  3:13  Probe (Chrono Boost)  
  35  3:14  Robotics Facility  
  35  3:16  Probe (Chrono Boost)  
  35  3:18  Blink  
  37  3:24  Probe (Chrono Boost)  
  37  3:27  Probe (Chrono Boost)  
  39  3:32  Assimilator  
  39  3:36  Probe (Chrono Boost)  
  39  3:37  Probe (Chrono Boost)  
  41  3:48  Probe x2 (Chrono Boost)  
  43  3:50  Pylon  
  43  3:58  Probe (Chrono Boost)  
  43  4:00  Probe (Chrono Boost)  
  43  4:01  Observer  
  46  4:05  Gateway  
  46  4:09  Probe (Chrono Boost)  
  47  4:10  Gateway  
  47  4:12  Probe (Chrono Boost), Assimilator  
  48  4:21  Probe (Chrono Boost)  
  48  4:22  Pylon  
  49  4:26  Observer  
  49  4:30  Probe (Chrono Boost)  
  51  4:33  Probe (Chrono Boost)  
  51  4:35  Robotics Bay  
  51  4:38  Stalker  
  54  4:42  Probe (Chrono Boost)  
  54  4:49  Probe (Chrono Boost)  
  55  4:55  Probe (Chrono Boost)  
  55  4:57  Forge  
  57  5:00  Probe (Chrono Boost)  
  58  5:08  Probe (Chrono Boost)  
  58  5:10  Stalker x3  
  64  5:15  Probe (Chrono Boost)  
  64  5:16  Protoss Ground Weapons Level 1  
  65  5:26  Nexus  
  65  5:27  Resonating Glaives, Gravitic Drive  
  65  5:34  Forge  
  65  5:37  Probe (Chrono Boost)  
  65  5:39  Immortal  
  65  5:41  Probe (Chrono Boost)  
  70  5:49  Photon Cannon  
  70  5:54  Pylon  
  70  5:58  Photon Cannon  
  70  5:59  Protoss Ground Armor Level 1  
  70  6:05  Pylon  
  70  6:11  Pylon  
  70  6:13  Probe x2 (Chrono Boost)  
  70  6:16  Stalker x2  
  72  6:25  Probe x2 (Chrono Boost)  
  72  6:38  Probe x2 (Chrono Boost)  
  74  6:40  Stalker x3  
  74  6:42  Probe (Chrono Boost), Photon Cannon  
  81  6:50  Probe x2 (Chrono Boost)  
  84  6:54  Probe (Chrono Boost)  
  84  6:56  Immortal  
  84  6:59  Assimilator  
  90  7:02  Probe x2 (Chrono Boost), Protoss Ground Weapons Level 2  
  90  7:04  Probe (Chrono Boost), Assimilator  
  91  7:11  Adept x3  
  97  7:18  Pylon  
  97  7:32  Gateway x2  
  97  7:39  Adept  
  97  7:40  Adept x2  
  103  7:49  Immortal  
  103  7:55  Charge  
  107  8:00  Gateway  
  107  8:04  Gateway  
  107  8:06  Templar Archives  
  107  8:08  Protoss Ground Armor Level 2  
  107  8:16  Probe (Chrono Boost)  
  107  8:18  Probe (Chrono Boost)  
  109  8:23  Immortal  
  109  8:28  Gateway  
  109  8:30  Gateway  
  113  8:34  Pylon  
  113  8:37  Pylon  
  114  8:42  Probe (Chrono Boost)  
  114  8:48  Stalker  
  115  8:59  Probe (Chrono Boost), Observer  
  115  9:01  Probe (Chrono Boost)  
  116  9:10  Stargate  
  116  9:12  Stalker  
  116  9:13  Stalker x3, Stargate  
  116  9:15  Pylon  
  126  9:17  Probe x2 (Chrono Boost)  
  126  9:23  Pylon  
  126  9:25  Psionic Storm  
  122  9:34  Adept  
  124  9:39  Adept  
  124  9:40  Adept x3  
  124  9:41  Pylon  
  124  9:45  Pylon  
  134  9:47  Probe x2 (Chrono Boost)  
  134  9:53  Pylon  
  134  9:57  Fleet Beacon  
  134  10:01  Probe (Chrono Boost)  
  131  10:09  Adept x4  
  131  10:10  Adept  
  131  10:11  Immortal  
  131  10:13  Probe (Chrono Boost)  
  120  10:22  Probe (Chrono Boost)  
  121  10:36  Stalker x4  
  121  10:37  Probe (Chrono Boost)  
  121  10:42  Nexus, Tempest  
  121  10:48  Tempest  
  127  11:00  High Templar x2  
  127  11:01  Stargate, High Templar x3  
  137  11:07  Pylon  
  137  11:10  Protoss Ground Weapons Level 3  
  137  11:12  Adept  
  137  11:17  Protoss Air Weapons Level 1  
  139  11:18  Nexus  
  139  11:20  High Templar  
  141  11:46  Photon Cannon x2  
  140  11:47  Stalker  
  140  11:48  Photon Cannon  
  140  11:49  Stalker x2  
  145  11:55  Stalker x2  
  147  12:11  Tempest, Assimilator  
  147  12:15  Assimilator  
  152  12:16  Immortal  
  152  12:17  Probe (Chrono Boost)  
  152  12:19  Probe (Chrono Boost)  
  157  12:30  Photon Cannon x2  
  157  12:36  Protoss Shields Level 1  
  157  12:43  Tempest  
  157  12:44  Tempest  
  165  12:52  Warp Prism  
  165  12:56  Cybernetics Core  
  167  13:07  Tempest  
  171  13:16  Pylon  
  171  13:17  Pylon  
  171  13:23  Dark Shrine  
  171  13:26  Tempest  
  175  13:29  Photon Cannon  
  175  13:31  Pylon  
  175  13:37  Tempest  
  179  13:59  Observer  
  180  14:03  Photon Cannon x2  
  180  14:07  Photon Cannon  
  180  14:09  Photon Cannon  
  180  14:12  Tempest x2  
  180  14:14  Assimilator  
  188  14:18  Assimilator  
  166  14:33  Tempest  
  148  14:55  Stalker x2, Tempest x2  
  152  15:10  Zealot x2  
  152  15:11  Zealot x4  
  164  15:14  Zealot  
Show
View Real Time Build Order
Export as new Build Order

MoonLjth Protoss - Winner!

Build Orders:  

Get SALT Encoding   

  12  0:01  SCV  
  13  0:13  SCV  
  14  0:17  Supply Depot  
  14  0:26  SCV  
  15  0:41  Barracks  
  15  0:42  SCV  
  16  0:54  SCV  
  17  1:06  SCV  
  18  1:22  SCV  
  19  1:25  Command Center  
  19  1:29  Marine  
  19  1:32  Supply Depot  
  20  1:42  Orbital Command  
  20  1:49  Marine  
  20  1:53  Refinery  
  21  1:57  Refinery  
  21  2:07  Marine  
  22  2:14  SCV  
  23  2:24  Marine  
  23  2:26  Bunker  
  23  2:29  SCV  
  25  2:39  Orbital Command  
  25  2:41  SCV  
  26  2:44  Factory  
  26  2:54  Barracks Reactor, SCV  
  27  3:05  SCV  
  28  3:06  SCV  
  29  3:17  SCV  
  30  3:20  Factory  
  30  3:25  SCV  
  30  3:26  Engineering Bay  
  30  3:36  SCV  
  30  3:37  SCV  
  30  3:39  Hellion x2  
  30  3:40  Barracks Tech Lab  
  36  3:49  SCV x2  
  36  3:50  Starport  
  36  3:55  Supply Depot  
  38  4:01  SCV  
  39  4:08  Widow Mine  
  39  4:09  Widow Mine  
  43  4:13  Siege Tank  
  46  4:18  SCV x2  
  48  4:29  Medivac  
  48  4:30  SCV  
  51  4:37  SCV, Refinery x2  
  52  4:42  SCV  
  53  4:51  Supply Depot  
  53  4:52  Supply Depot x2  
  53  5:12  Siege Tank  
  53  5:13  Hellion x2  
  60  5:19  Command Center  
  60  5:20  Factory  
  60  5:23  Supply Depot  
  60  5:42  Widow Mine x2  
  60  5:43  Barracks Tech Lab  
  60  5:44  Siege Tank  
  60  5:45  SCV x2  
  69  5:59  Missile Turret  
  69  6:00  Factory  
  69  6:04  Missile Turret  
  69  6:06  SCV  
  69  6:07  SCV  
  69  6:20  Siege Tank  
  72  6:26  Infernal Pre-Igniter  
  72  6:32  Armory  
  72  6:37  Armory  
  72  6:42  Orbital Command  
  72  6:45  Barracks Reactor  
  72  6:55  Hellion x2  
  68  7:02  Siege Tank  
  71  7:09  SCV x2  
  71  7:12  Supply Depot  
  71  7:13  Supply Depot  
  73  7:18  Siege Tank  
  76  7:26  Missile Turret  
  76  7:28  Widow Mine  
  76  7:29  Widow Mine  
  80  7:33  SCV  
  81  7:42  Terran Vehicle Weapons Level 1  
  81  7:43  Terran Vehicle And Ship Armor Level 1  
  81  7:55  Siege Tank  
  84  8:12  Hellion x2, Siege Tank  
  89  8:13  Hellion x2  
  89  8:16  SCV  
  89  8:17  SCV  
  89  8:19  Barracks Reactor  
  93  8:20  Supply Depot x2  
  93  8:27  Siege Tank  
  93  8:30  Orbital Command  
  98  8:34  Hellion, Drilling Claws  
  98  8:36  Widow Mine  
  97  9:06  SCV x2  
  97  9:07  SCV  
  100  9:18  SCV  
  100  9:19  SCV, Siege Tank x2  
  100  9:20  Hellion x2  
  100  9:21  Hellion x2  
  116  9:25  Factory, Starport Reactor  
  114  9:31  Factory  
  114  9:32  Starport  
  114  9:34  Starport  
  114  9:48  Hellion x2  
  114  9:50  Hellion x2  
  122  9:58  Siege Tank  
  125  10:02  Supply Depot x3  
  125  10:06  Hellion x7  
  103  10:19  Hellion x3  
  103  10:20  SCV x3  
  109  10:27  Terran Vehicle Weapons Level 2, Terran Vehicle And Ship Armor Level 2  
  109  10:29  Hellion x2  
  109  10:42  SCV x2  
  105  10:45  Hellion  
  105  10:46  Hellion x3  
  111  10:59  Starport Reactor  
  111  11:01  Starport Tech Lab  
  111  11:03  SCV x3  
  114  11:06  Liberator x2  
  114  11:15  SCV  
  115  11:23  Viking  
  123  11:33  SCV x2  
  123  11:35  Refinery  
  123  11:36  SCV, Refinery  
  126  11:45  SCV  
  127  11:50  Widow Mine x2  
  127  11:51  Widow Mine x2  
  127  11:53  Viking x3  
  141  11:55  Liberator  
  141  11:56  Factory Reactor x2  
  141  11:58  Supply Depot  
  141  12:06  Viking, Liberator  
  124  12:23  Viking x2, Siege Tank  
  124  12:24  Siege Tank  
  137  12:39  Unknown  
  137  12:50  Hellion x3  
  143  12:52  Hellion  
  143  12:54  Command Center  
  143  12:55  Siege Tank  
  148  13:08  Viking x2  
  151  13:13  Terran Vehicle Weapons Level 3  
  151  13:44  Viking  
  151  13:45  Viking x3  
  150  14:13  Hellion x6  
  150  14:14  Hellion x2  
  119  14:39  Hellion  
  119  14:40  Hellion x7  
  123  14:51  Siege Tank  
  123  14:52  Siege Tank  
Show
View Real Time Build Order
Export as new Build Order

ColdOn Terran 

Build Orders:  

Get SALT Encoding   

Show
View Real Time Build Order
Export as new Build Order

Zergathul Terran 

Build Orders:  

Get SALT Encoding   

Tags
 
Add a new tag
Caveats
  • Supply blocks, unpowered buildings, or Contaminate may cause inaccurate times.
  • Supply counts are checked every 10 seconds.